 Dungeon Crawl Stone Soup version 0.17-a0-931-g11a8995 (webtiles) character file.

25 FrankMcFuzz the Stinger (level 3, -3/28 HPs)
             Began as a Naga Venom Mage on May 5, 2015.
             Slain by a kobold
             ... wielding a +1 whip of electrocution
              (6 damage)
             ... on level 2 of the Dungeon.
             The game lasted 00:07:26 (983 turns).

FrankMcFuzz the Stinger (Naga Venom Mage)            Turns: 983, Time: 00:07:26

Health: -3/28      AC:  2    Str: 10    XL:     3   Next: 6%
Magic:  3/6        EV: 10    Int: 16    God:
Gold:   19         SH:  0    Dex: 11    Spells: 1 memorised, 5 levels left

rFire  . . .     SeeInvis +     g - +0 spear
rCold  . . .     Clarity  .     a - +0 robe
rNeg   . . .     SustAb   .     (no shield)
rPois  +         Gourm    .     (no helmet)
rElec  .         Spirit   .     (no cloak)
rCorr  .         Warding  .     (no gloves)
rMut   .         Stasis   .     (no barding)
MR     .....                    (no amulet)
Stlth  ++........               (no ring)
                                (no ring)

@: very slightly contaminated, very slow, not resistant to hostile enchantments,
unstealthy
A: see invisible, deformed body, poison resistance, slowness 2, slow metabolism
1, spit poison 2, AC +1
a: Spit Poison


You were on level 2 of the Dungeon.
You were not hungry.

You visited 1 branch of the dungeon, and saw 2 of its levels.

You collected 19 gold pieces.

Inventory:

Hand weapons
 g - a +0 spear (weapon)
Armour
 a - a +0 robe (worn)
 m - a +0 robe
Jewellery
 k - an uncursed ring of protection from fire {unknown}
Scrolls
 d - a scroll of random uselessness {unknown}
 e - a scroll of immolation {unknown}
 h - 2 scrolls of identify {unknown}
Potions
 i - a potion of mutation {unknown}
 j - a potion of magic {unknown}
 l - 2 potions of ambrosia {unknown}
Books
 b - a Young Poisoner's Handbook

   Spells                             Type                      Level
   a - Sting                          Conjuration/Poison           1
   b - Cure Poison                    Poison                       2
   c - Mephitic Cloud                 Conjuration/Poison/Air       3
   d - Olgreb's Toxic Radiance        Poison                       4
   e - Venom Bolt                     Conjuration/Poison           5
Comestibles
 c - a bread ration
 f - a meat ration


   Skills:
 + Level 0.2 Polearms
 + Level 1.5 Dodging
 + Level 3.2 Stealth
 + Level 2.2 Spellcasting
 + Level 0.2 Conjurations
 + Level 6.1 Poison Magic


You had 5 spell levels left.
You knew the following spells:

 Your Spells              Type           Power        Failure   Level  Hunger
a - Sting                 Conj/Pois      ##..         8%          1    #......


Dungeon Overview and Level Annotations

Branches:
Dungeon (2/15)

Altars:
Elyvilon


Innate Abilities, Weirdness & Mutations

You cannot wear boots.
Your serpentine skin is tough (AC +1).
You have supernaturally acute eyesight.
Armour fits poorly on your strangely shaped body.
Your system is resistant to poisons.
You cover ground very slowly.
You have a slow metabolism.
You can spit poison.


Message History

The ball python misses you.
You hit the ball python.
You kill the ball python!
You completely miss the kobold. The kobold barely misses you.
The kobold barely misses you.
You hit the kobold.
The kobold is severely wounded.
The kobold hits you but does no damage.
You hit the kobold but do no damage.
The kobold is severely wounded.
The kobold hits you with a whip of electrocution.
* * * LOW HITPOINT WARNING * * *
You barely miss the kobold.
The kobold is severely wounded.
The kobold hits you with a whip of electrocution.
* * * LOW HITPOINT WARNING * * *
You barely miss the kobold.
The kobold is severely wounded.
The kobold hits you with a whip of electrocution.
You die...

#...## .# .....##
#.###....##.###
.......
#......_......#
#..... #.(..#
###..... ##(..#
........ #.###.###
###..... #.....#
#..... #####K####
#..... #@...#
#.....
##...########.....
#...#............
#...#............
##...#............
#.................
.
#.......##########
... #.......# ....
#.......#


You could see a kobold.

Vanquished Creatures
  An ooze (D:1)
  A giant gecko (D:2)
  2 ball pythons
  A bat (D:1)
  A goblin (D:1)
  4 hobgoblins (D:1)
  A quokka (D:2)
  A giant newt (D:2)
  2 kobolds (D:1)
  5 rats
19 creatures vanquished.

Notes
Turn   | Place    | Note
--------------------------------------------------------------
     0 | D:1      | FrankMcFuzz, the Naga Venom Mage, began the quest for the Orb.
     0 | D:1      | Reached XP level 1. HP: 15/15 MP: 3/3
   434 | D:1      | Reached XP level 2. HP: 19/22 MP: 3/5
   674 | D:1      | Reached skill level 6 in Poison Magic
   947 | D:2      | Found a white marble altar of Elyvilon.
   963 | D:2      | Reached XP level 3. HP: 8/28 MP: 1/6
   983 | D:2      | Slain by a kobold

Action                   || total
-------------------------++-------
Melee: Spear             ||    42
 Cast: Sting             ||    23
 Stab: Sleeping          ||     1
